 Dungeon Crawl Stone Soup version 0.21.1-1-g345015f (webtiles) character file.

131 theblackcape the Charmwright (level 5, 0/37 HPs)
             Began as a Gnoll Wanderer on June 14, 2018.
             Succumbed to wilfster70's ghost's poison
             ... on level 3 of the Dungeon.
             The game lasted 00:07:13 (1863 turns).

theblackcape the Charmwright (Gnoll Wanderer)       Turns: 1863, Time: 00:07:13

Health: 0/37       AC: 11    Str: 11    XL:     5   Next: 14%
Magic:  6/9        EV:  3    Int: 17    God:
Gold:   131        SH:  8    Dex: 16    Spells: 10/10 levels left

rFire    . . .     SeeInvis +   g - +1 short sword (elec)
rCold    . . .     Gourm    .   a - +0 shield
rNeg     . . .     Faith    .   u - -1 plate armour
rPois    .         Spirit   +   v - +0 helmet {SInv}
rElec    .         Reflect  .   (no cloak)
rCorr    .         Harm     .   (no gloves)
MR       .....                  (no boots)
Stlth    ..........             r - amulet of guardian spirit
HPRegen  0.12/turn              k - +3 ring of evasion
MPRegen  0.11/turn              t - ring of wizardry

@: lethally poisoned (0 -> -19), flying
A: distributed training, fangs 1, agile 1, weak 1, strong nose
a: no special abilities


You were on level 3 of the Dungeon.
You were not hungry.

You visited 1 branch of the dungeon, and saw 4 of its levels.

You collected 131 gold pieces.

Inventory:

Hand Weapons
 g - a +1 short sword of electrocution (weapon)
 p - a +0 dagger of venom
Armour
 a - a +0 shield (worn)
 b - a +0 ring mail
 i - a +2 leather armour of fire resistance
 u - a -1 plate armour (worn)
 v - a +0 helmet of see invisible (worn)
Jewellery
 k - a +3 ring of evasion (left hand)
 r - an amulet of guardian spirit (around neck)
 s - a cursed ring of teleportation {unknown}
 t - a ring of wizardry (right hand)
Wands
 e - a wand of random effects (16)
Scrolls
 c - a scroll of teleportation
 h - a scroll of magic mapping
 m - a scroll of enchant weapon {unknown}
 o - a scroll of identify
 q - a scroll of fear
Potions
 l - a potion of heal wounds {unknown}
Comestibles
 f - 4 rations
 n - 2 chunks of flesh


   Skills:
 + Level 1.3 Fighting
 + Level 1.3 Short Blades
 + Level 1.3 Long Blades
 + Level 1.3 Axes
 + Level 1.3 Maces & Flails
 + Level 1.3 Polearms
 + Level 1.3 Staves
 + Level 1.3 Slings
 + Level 1.3 Bows
 + Level 4.7 Crossbows
 + Level 1.3 Throwing
 + Level 2.9 Armour
 + Level 1.3 Dodging
 + Level 1.3 Stealth
 + Level 2.9 Shields
 + Level 1.3 Unarmed Combat
 + Level 3.1 Spellcasting
 + Level 1.1 Conjurations
 + Level 1.1 Hexes
 + Level 5.5 Charms
 + Level 1.1 Summonings
 + Level 1.1 Necromancy
 + Level 1.1 Translocations
 + Level 1.1 Transmutations
 + Level 1.1 Fire Magic
 + Level 1.1 Ice Magic
 + Level 2.3 Air Magic
 + Level 1.1 Earth Magic
 + Level 1.1 Poison Magic
 + Level 1.5 Invocations
 + Level 2.9 Evocations


You had 10 spell levels left.
You didn't know any spells.

Dungeon Overview and Level Annotations

Branches:
Dungeon (4/15)
 Temple: D:4-7

Altars:

Annotations:
D:3 wilfster70's ghost, amateur GnWz


Innate Abilities, Weirdness & Mutations

Your experience applies equally to all skills.
You have very sharp teeth.
Your uncanny sense of smell can sniff out nearby items.
You are agile. (Dex +2)
You are weak. (Str -2)


Message History

Wilfster70's ghost is unaffected.
You are engulfed in noxious fumes.
* * * LOW HITPOINT WARNING * * *
x2 You feel sick.
You block the crimson imp's attack.
Wilfster70's ghost hits you but does no damage.
You are more poisoned.
Really walk into that teleport trap? [Y]es or [N]o only, please.
Really walk into that teleport trap?
You enter a teleport trap!
The teleport trap disappears.
Your surroundings suddenly seem different.
* * * LOW HITPOINT WARNING * * *
You feel sick.
It was a potion of flight.
You feel very buoyant.
You fly up into the air.
* * * LOW HITPOINT WARNING * * *
You feel sick.
It was a potion of mutation.
You feel extremely strange.
You feel weaker.
You feel agile.
You die...

#.#.#...##.#
#.....#.##.#
#.#.#.#.#..
#.....#.#.#
#.######..####.#.#
#........## #.#.#
######.### #.#.#
#.#######.#.#####
#..@............#
###############.#
#.# #.#### #.....
######


There were no monsters in sight!

Vanquished Creatures
  A bullfrog (D:2)
  3 adders (D:2)
  An adder skeleton (D:3)
  4 leopard geckos
  A ball python (D:2)
  3 giant cockroaches
  3 goblins
  5 hobgoblins
  2 bats
  5 frilled lizards
  5 kobolds
  7 rats
40 creatures vanquished.

Notes
Turn   | Place    | Note
-------+----------+-------------------------------------------
     0 | D:1      | theblackcape the Gnoll Wanderer began the quest for the Orb.
     0 | D:1      | theblackcape set off with: a +0 shield, a +0 ring mail, a scroll of teleportation, a +0 dagger, a ration
     0 | D:1      | Reached XP level 1. HP: 13/13 MP: 4/4
   194 | D:1      | Reached XP level 2. HP: 17/19 MP: 5/5
   836 | D:2      | Found a faded altar of an unknown god.
  1144 | D:2      | Reached XP level 3. HP: 24/25 MP: 7/7
  1313 | D:2      | Reached skill level 1 in Invocations
  1468 | D:2      | Reached skill level 1 in Fighting
  1468 | D:2      | Reached skill level 1 in Short Blades
  1468 | D:2      | Reached skill level 1 in Long Blades
  1468 | D:2      | Reached skill level 1 in Axes
  1468 | D:2      | Reached skill level 1 in Maces & Flails
  1468 | D:2      | Reached skill level 1 in Polearms
  1468 | D:2      | Reached skill level 1 in Staves
  1468 | D:2      | Reached skill level 1 in Slings
  1468 | D:2      | Reached skill level 1 in Bows
  1468 | D:2      | Reached skill level 1 in Throwing
  1468 | D:2      | Reached skill level 1 in Dodging
  1468 | D:2      | Reached skill level 1 in Stealth
  1468 | D:2      | Reached skill level 1 in Unarmed Combat
  1468 | D:2      | Reached XP level 4. HP: 32/32 MP: 8/8
  1476 | D:2      | Noticed a bullfrog
  1479 | D:2      | Killed a bullfrog
  1479 | D:2      | Reached skill level 1 in Conjurations
  1479 | D:2      | Reached skill level 1 in Hexes
  1479 | D:2      | Reached skill level 1 in Summonings
  1479 | D:2      | Reached skill level 1 in Necromancy
  1479 | D:2      | Reached skill level 1 in Translocations
  1479 | D:2      | Reached skill level 1 in Transmutations
  1479 | D:2      | Reached skill level 1 in Fire Magic
  1479 | D:2      | Reached skill level 1 in Ice Magic
  1479 | D:2      | Reached skill level 1 in Earth Magic
  1479 | D:2      | Reached skill level 1 in Poison Magic
  1479 | D:2      | Reached XP level 5. HP: 37/37 MP: 9/9
  1842 | D:3      | Noticed wilfster70's ghost (amateur GnWz)
  1862 | D:3      | HP: 1/37 [poisoned by wilfster70's ghost]
  1863 | D:3      | Gained mutation: You are weak. (Str -2) [potion of mutation]
  1863 | D:3      | Gained mutation: You are agile. (Dex +2) [potion of mutation]
  1863 | D:3      | Succumbed to wilfster70's ghost's poison

Skill      XL: |  1  2  3  4 |
---------------+-------------+-----
Air Magic      | 2 |  2.3
Invocations    | 1 |  1.5
Fighting       | 1 |  1.3
Short Blades   | 1 |  1.3
Long Blades    | 1 |  1.3
Axes           | 1 |  1.3
Maces & Flails | 1 |  1.3
Polearms       | 1 |  1.3
Staves         | 1 |  1.3
Slings         | 1 |  1.3
Bows           | 1 |  1.3
Throwing       | 1 |  1.3
Dodging        | 1 |  1.3
Stealth        | 1 |  1.3
Unarmed Combat | 1 |  1.3
Spellcasting   | 3 |  3.1
Conjurations   | 1 |  1.1
Hexes          | 1 |  1.1
Summonings     | 1 |  1.1
Necromancy     | 1 |  1.1
Translocations | 1 |  1.1
Transmutations | 1 |  1.1
Fire Magic     | 1 |  1.1
Ice Magic      | 1 |  1.1
Earth Magic    | 1 |  1.1
Poison Magic   | 1 |  1.1
Crossbows      | |  4.7
Armour         | |  2.9
Shields        | |  2.9
Charms         | |  5.5
Evocations     | |  2.9

Action                   |  1- 3 |  4- 6 || total
-------------------------+-------+-------++-------
Melee: Dagger            |    43 |       ||    43
       Bite              |     4 |     3 ||     7
       Short sword       |    72 |    15 ||    87
Evoke: Wand              |       |     1 ||     1
  Use: Scroll            |     3 |       ||     3
       Potion            |       |     2 ||     2
  Eat: Chunk             |     2 |     1 ||     3
Armor: Ring mail         |    16 |       ||    16
       Leather armour    |    23 |       ||    23
       Plate armour      |     2 |     8 ||    10
Dodge: Dodged            |    53 |     2 ||    55
Block: Shield            |    45 |     6 ||    51
